 Dungeon Crawl Stone Soup version 0.14-a0-1388-g200237c (webtiles) character file.

4035 Mitsuki the Hoplite (level 10, -2/68 HPs)
             Began as a Formicid Fighter on Dec 8, 2013.
             Was an Elder of Okawaru.
             Succumbed to a soldier ant's poison
             ... on Level 7 of the Dungeon on Dec 9, 2013.
             The game lasted 01:14:22 (8015 turns).

Mitsuki the Hoplite (Formicid Fighter)              Turns: 8015, Time: 01:14:22

HP  -2/68        AC 18     Str 25      XL: 10   Next: 59%
MP  10/10        EV  5     Int  8      God: Okawaru [****..]
Gold 386         SH 36     Dex 10      Spells:  0 memorised,  9 levels left

rFire  . . .     SeeInvis +     r - +4 orc long sword
rCold  . . .     Clarity  .     l - +2 chain mail
rNeg   . . .     Conserve .     b - +0 large shield
rPois  x         rCorr    .     (helmet unavailable)
rElec  .         rRot     .     s - +2 cloak
SustAb . .       Spirit   .     v - +0 pair of gloves
rMut   .         Warding  .     (no boots)
Saprov . . .     Stasis   +     (no amulet)
                                (no ring)
                                j - +1 ring of intelligence

@: extremely poisoned, somewhat resistant to hostile enchantments, extremely
unstealthy
A: permanent stasis, dig shafts and tunnels, four strong arms, poison weakness,
antennae 3, exoskeleton 1
a: Dig, Shaft Self, Heroism, Renounce Religion


You were on level 7 of the Dungeon.
You worshipped Okawaru.
Okawaru was greatly pleased with you.
You were not hungry.

You visited 3 branches of the dungeon, and saw 11 of its levels.
You also visited: Bailey.

You collected 386 gold pieces.

Inventory:

Hand weapons
 r - a +4,+4 orcish long sword (weapon)
 w - a cursed +0,+0 orcish long sword
Armour
 b - a +0 large shield (worn)
 l - a +2 chain mail (worn)
 s - a +2 cloak (worn)
 v - a +0 pair of gloves (worn)
Magical devices
 a - a wand of frost (10)
Comestibles
 d - 2 bread rations
Scrolls
 c - a scroll of immolation
 e - 3 scrolls of identify
 g - 4 scrolls of remove curse
 h - 2 scrolls of amnesia
 m - 2 scrolls of curse jewellery
 t - 3 scrolls of fog
Jewellery
 j - a +1 ring of intelligence (left hand)
Potions
 f - 2 potions of speed
 k - a potion of magic {unknown}
 q - a potion of flight
 u - 4 potions of curing
Magical staves
 o - an uncursed staff of wizardry
Miscellaneous
 i - a crystal ball of energy
 n - a fan of gales (inert)


   Skills:
 * Level 7.3 Fighting
 + Level 6.7 Long Blades
 + Level 7.8 Armour
 - Level 0.1 Dodging
 + Level 9.6 Shields
 + Level 0.5 Invocations


You had 9 spell levels left.
You didn't know any spells.

Dungeon Overview and Level Annotations

Branches:
Dungeon (9/16)             Temple (1/1) D:4            Lair (1/8) D:8
    Orc: D:9-12

Altars:
Ashenzari
Cheibriados
Elyvilon
Fedhas
Kikubaaqudgha
Makhleb
Nemelex Xobeh
Okawaru
Sif Muna
Trog
Xom
Yredelemnul
Zin
the Shining One

Annotations:
D:4 Mitsuki's ghost, average OpVM


Innate Abilities, Weirdness & Mutations

Your are under a permanent stasis effect.
You can dig through walls and to a lower floor.
Your four strong arms can wield any weapon, most with a shield.
You are susceptible to poison.
You have a pair of large antennae on your head (SInv).
Your body is surrounded by an exoskeleton. (HP +5, AC +1)


Message History

You slash the soldier ant!
You kill the soldier ant!
Okawaru accepts your kill.
You feel sick.
No target in view!
You feel extremely sick.
You see here a soldier ant corpse.
You offer a prayer to Okawaru.
The soldier ant corpse is consumed by flame.
Okawaru is greatly pleased with you.
You feel sick.
You start resting.
You feel very sick.
You start resting.
You feel very sick.
You start resting.
* * * LOW HITPOINT WARNING * * *
You feel extremely sick.
You start resting.
You die...

#.##.# #.##.#
#.##.# #.##.#
#.##?#
####.##.########
+...............
####.##.########
#.##@# #.......#
#?#.##..# #.#.....#
# ..#...#
#############.##.##
......<...........
#############....#
#.#


There were no monsters in sight!

Vanquished Creatures
  Grinder (D:4)
  Menkaure (D:6)
  A soldier ant (D:7)
  A black bear (D:6)
  A centaur (D:6)
  4 orc warriors
  2 ogres
  4 boring beetles
  A sky beast (D:6)
  A crocodile (D:8)
  A water moccasin (D:6)
  2 giant frogs
  9 wights (D:6)
  2 jellies
  5 crimson imps
  2 giant frog skeletons
  2 orc priests (D:6)
  2 iguanas (D:6)
  4 hounds
  6 worker ants
  A scorpion (D:8)
  6 orc wizards
  A hound skeleton (D:7)
  A mummy (D:8)
  11 gnolls
  An inept feature mimic (D:4)
  2 giant mites
  9 adders
  2 worms
  An adder skeleton (D:4)
  2 adder zombies
  2 giant geckos
  16 orcs
  6 giant cockroaches
  13 goblins
  16 hobgoblins
  23 kobolds
  3 quokkas
  A ball python (D:6)
  10 bats
  4 giant newts
  A hobgoblin skeleton (D:5)
  3 jackals (D:1)
  11 rats
  4 ballistomycetes (D:6)
202 creatures vanquished.

Vanquished Creatures (collateral kills)
  An orc warrior (Bailey)
  2 kobolds (Bailey)
3 creatures vanquished.

Vanquished Creatures (others)
  A giant spore (D:6)
  A kobold (D:6)
  4 fungi (D:8)
6 creatures vanquished.

Grand Total: 211 creatures vanquished

Notes
Turn   | Place    | Note
--------------------------------------------------------------
     0 | D:1      | Mitsuki, the Formicid Fighter, began the quest for the Orb.
     0 | D:1      | Reached XP level 1. HP: 19/19 MP: 1/1
   113 | D:1      | Reached XP level 2. HP: 24/24 MP: 2/2
   136 | D:1      | Reached skill level 4 in Armour
   372 | D:1      | Reached XP level 3. HP: 28/28 MP: 3/3
   798 | D:2      | Found an ancient bone altar of Kikubaaqudgha.
  1039 | D:2      | Reached XP level 4. HP: 29/33 MP: 4/4
  1059 | D:2      | Found a shimmering altar of Xom.
  1292 | D:2      | Reached XP level 5. HP: 23/37 MP: 5/5
  1926 | D:3      | Reached XP level 6. HP: 38/43 MP: 6/6
  2172 | D:3      | Reached skill level 5 in Armour
  2729 | D:4      | Reached XP level 7. HP: 40/48 MP: 7/7
  2778 | D:4      | Noticed Mitsuki's ghost (average OpVM)
  2882 | D:4      | Found a staircase to the Ecumenical Temple.
  2898 | Temple   | Entered the Ecumenical Temple
  2993 | Temple   | Became a worshipper of Warmaster Okawaru
  3032 | D:4      | Noticed Grinder
  3078 | D:4      | Killed Grinder
  3078 | D:4      | Reached skill level 5 in Shields
  3597 | D:5      | Entered Level 5 of the Dungeon
  3627 | D:3      | Upgraded the game from 0.14-a0-1378-gf8e6a88 to 0.14-a0-1388-g200237c
  3875 | D:4      | Reached skill level 6 in Armour
  3875 | D:4      | Reached XP level 8. HP: 48/53 MP: 8/8
  4137 | D:5      | HP: 2/53 [ogre/giant club (23)]
  4446 | D:5      | Acquired Okawaru's first power
  4472 | D:5      | Reached skill level 5 in Fighting
  5227 | D:6      | Reached XP level 9. HP: 54/59 MP: 9/9
  5683 | D:6      | Reached skill level 5 in Long Blades
  5724 | D:6      | Reached skill level 7 in Shields
  5788 | D:6      | Noticed a hill giant
  6219 | D:6      | Reached skill level 8 in Shields
  6419 | D:6      | Noticed Menkaure
  6434 | D:6      | Killed Menkaure
  6434 | D:6      | Reached XP level 10. HP: 48/66 MP: 7/10
  6742 | D:6      | You fall through a shaft!
  6777 | D:8      | Found a staircase to the Lair.
  6797 | Lair:1   | Entered Level 1 of the Lair of Beasts
  7076 | D:8      | Reached skill level 9 in Shields
  7303 | D:8      | Found a flagged portal.
  7326 | Bailey   | Entered a bailey
  7642 | Bailey   | Found a bloodstained altar of Trog.
  8015 | D:7      | Succumbed to a soldier ant's poison

Action                   |  1- 3 |  4- 6 |  7- 9 | 10-12 || total
-------------------------+-------+-------+-------+-------++-------
Melee: Falchion          |   161 |   245 |   218 |       ||   624
       Long sword        |       |       |   325 |   206 ||   531
Invok: Heroism           |       |       |     2 |     2 ||     4
 Abil: Dig               |       |       |     1 |    24 ||    25
Evoke: Wand              |       |       |     2 |       ||     2
       fan of gales      |       |       |       |     1 ||     1
  Use: Potion            |       |     3 |     8 |       ||    11
       Scroll            |       |     3 |     7 |     8 ||    18
